 Dungeon Crawl Stone Soup version 0.19.1-1-g22dce08 (webtiles) character file.

154 McKennaii the Magician (level 5, -2/31 HPs)
             Began as a High Elf Wizard on Jan 4, 2017.
             Slain by a scorpion (5 damage)
             ... on level 4 of the Dungeon.
             The game lasted 00:23:38 (2685 turns).

McKennaii the Magician (High Elf Wizard)            Turns: 2685, Time: 00:23:38

Health: -2/31      AC:  2    Str:  6      XL:     5   Next: 13%
Magic:  0/13       EV: 13    Int: 23      God:
Gold:   124        SH:  0    Dex: 11 (13) Spells: 4 memorised, 6 levels left

rFire  . . .     SeeInvis .     (no weapon)
rCold  . . .     Gourm    .     a - +0 robe
rNeg   . . .     Faith    .     (no shield)
rPois  .         Spirit   .     b - +0 hat
rElec  .         Reflect  .     (no cloak)
rCorr  .         Harm     .     (no gloves)
MR     .....                    (no boots)
Stlth  ++........               (no amulet)
                                (no ring)
                                (no ring)

@: very slightly contaminated
A: no striking features
a: no special abilities


You were on level 4 of the Dungeon.
You were very hungry.

You visited 1 branch of the dungeon, and saw 4 of its levels.

You collected 124 gold pieces.

Inventory:

Armour
 a - a +0 robe (worn)
 b - a +0 hat (worn)
Jewellery
 e - an uncursed ring of protection from fire {unknown}
 f - an uncursed ring of flight
 j - a cursed ring of teleportation {unknown}
 m - an uncursed ring of see invisible {unknown}
 s - an uncursed ring of poison resistance {unknown}
Wands
 h - a wand of flame (34/48)
Scrolls
 g - a scroll of identify
 p - 3 scrolls of remove curse
 q - 3 scrolls of enchant weapon {unknown}
 t - a scroll of magic mapping {unknown}
 u - a scroll of immolation {unknown}
 v - a scroll of recharging {unknown}
Potions
 r - 2 potions of flight {unknown}
Books
 c - a book of Minor Magic

   Spells                             Type                      Level
   a - Magic Dart                     Conjuration                  1
   b - Blink                          Translocation                2
   c - Call Imp                       Summoning                    2
   d - Repel Missiles                 Charms/Air                   2
   e - Slow                           Hexes                        2
   f - Conjure Flame                  Conjuration/Fire             3
   g - Mephitic Cloud                 Conjuration/Poison/Air       3
Comestibles
 d - 2 bread rations
 i - a slice of pizza
 l - 8 fruits
 n - 2 beef jerkies
 o - 2 meat rations


   Skills:
 + Level 0.2 Fighting
 + Level 2.8 Dodging
 + Level 2.7 Stealth
 + Level 0.1 Unarmed Combat
 + Level 5.4 Spellcasting
 + Level 2.1 Conjurations
 + Level 1.6 Summonings
   Level 1.1 Translocations


You had 6 spell levels left.
You knew the following spells:

 Your Spells              Type           Power        Failure   Level  Hunger
a - Magic Dart            Conj           ###.         4%          1    None
b - Call Imp              Summ           ##......     10%         2    None
c - Conjure Flame         Conj/Fire      ##......     21%         3    ##.....
d - Slow                  Hex            #.......     17%         2    None


Dungeon Overview and Level Annotations

Branches:
Dungeon (4/15)
 Temple: D:4-7

Altars:
Ashenzari

Annotations:
D:4 Dowan, Duvessa


Message History

The scorpion stings you.
* * * LOW HITPOINT WARNING * * *
Casting: Magic Dart
Confirm with . or Enter, or press ? or * to list all spells.
Aiming: Magic Dart
Press: ? - help, Shift-Dir - straight line, f/p - scorpion
Aim: a scorpion (heavily wounded)
You miscast Magic Dart.
Sparks fly from your hands!
Your crimson imp hits the scorpion but does no damage.
The scorpion stings you!
* * * LOW HITPOINT WARNING * * *
Your crimson imp blinks!
Your crimson imp closely misses the scorpion.
Your crimson imp hits the scorpion but does no damage.
The scorpion barely misses you.
Casting: Magic Dart
Confirm with . or Enter, or press ? or * to list all spells.
A beastly little devil appears in a puff of flame.
The scorpion stings you.
You die...

#.#.##..!.....#
#.#.##........#
#####.............#.
.........5.(..........
......#.####..........#
..... +...............+
.... #.####.####.#...#
... #.####.# .###.# ..
#.5@s..# #.# #.# #
#.###### .. #.# ### #.
#.# #.##.# #..#.#
##.#<#### +........
###...... #......


You could see a scorpion and a friendly crimson imp.

Vanquished Creatures
  2 adders
  3 leopard geckos
  An orc (D:3)
  10 bats
  A giant cockroach (D:4)
  5 goblins
  5 hobgoblins
  A ball python (D:2)
  5 frilled lizards
  4 kobolds
  6 rats
43 creatures vanquished.

Vanquished Creatures (collateral kills)
  The ghost of karate69 the Chiller, an amateur MfIE of Okawaru (D:3)
  2 orc wizards (D:3)
  2 worms (D:2)
  A leopard gecko (D:3)
  3 orcs (D:3)
  A giant cockroach (D:1)
  A hobgoblin (D:1)
  A bat (D:2)
  A goblin (D:3)
13 creatures vanquished.

Grand Total: 56 creatures vanquished

Notes
Turn   | Place    | Note
-------+----------+-------------------------------------------
     0 | D:1      | McKennaii the High Elf Wizard began the quest for the Orb.
     0 | D:1      | Reached XP level 1. HP: 11/11 MP: 6/6
    24 | D:1      | Found a shattered altar of Ashenzari.
   133 | D:1      | Reached skill level 4 in Spellcasting
   235 | D:1      | Reached XP level 2. HP: 17/17 MP: 5/8
   242 | D:1      | Learned a level 2 spell: Call Imp
   563 | D:2      | Reached skill level 1 in Summonings
   805 | D:2      | Reached XP level 3. HP: 20/21 MP: 0/10
   856 | D:2      | Learned a level 3 spell: Conjure Flame
  1540 | D:3      | Noticed karate69's ghost (amateur MfIE)
  2032 | D:3      | Reached XP level 4. HP: 16/27 MP: 4/11
  2363 | D:3      | Killed karate69's ghost
  2363 | D:3      | Reached skill level 5 in Spellcasting
  2363 | D:3      | Reached XP level 5. HP: 18/31 MP: 2/13
  2481 | D:3      | Learned a level 2 spell: Slow
  2628 | D:4      | Noticed Dowan
  2630 | D:4      | Noticed Duvessa
  2668 | D:4      | HP: 1/31 [scorpion (7)]
  2685 | D:4      | Slain by a scorpion

Skill      XL: |  1  2  3  4 |
---------------+-------------+-----
Spellcasting   | 4 5 |  5.4
Summonings     | 1 |  1.6
Conjurations   | 2 |  2.1
Fighting       | |  0.2
Dodging        | |  2.8
Stealth        | |  2.7
Unarmed Combat | |  0.1
Translocations | |  1.1

Action                   |  1- 3 |  4- 6 || total
-------------------------+-------+-------++-------
Melee: Unarmed           |    21 |       ||    21
 Cast: Magic Dart        |    91 |    25 ||   116
       Call Imp          |    15 |    14 ||    29
       Conjure Flame     |       |     1 ||     1
  Use: Scroll            |     7 |     1 ||     8
       Potion            |     5 |     2 ||     7
  Eat: Bread ration      |     1 |       ||     1
Armor: Robe              |    15 |     2 ||    17
Dodge: Dodged            |    54 |    11 ||    65
